AoeStats
← Matigrame

Glade

510445336Analyzed
1v1 RM · 2d ago on Oct 1, 2026· 36m 48s· 2 players
Game mode
Random Map
Map size
Tiny (2 player)
Population
200
Speed
Normal
Resources
Standard
Victory
Conquest
Starting age
Dark Age
Ending age
Imperial Age
RankedLock teamsTeams togetherTeam positionsShared explorationLock speedFull tech treeHidden civsTurbo modeCheats
Victory
Defeat
🇦🇷 Koreans · Argentina
1001
+14
🇨🇱 Sicilians · Chile
965
-38
ionatan
13:46 Feudal Age
18:30 Castle Age
16:24 Horse Collar
16:40 Double-Bit Axe
16:54 Town Watch
17:14 Gold Mining
17:25 Stone Mining
17:24 Loom
18:17 Wheelbarrow
30:30 Fletching
31:21 Heavy Plow
31:34 Bow Saw
37:32 Imperial Age
36:00 Hand Cart
36:32 Stone Shaft Mining
37:00 Gold Shaft Mining
36:27 Scale Mail Armor
Matigrame
9:24 Loom
12:21 Feudal Age
13:57 Town Watch
18:10 Castle Age
27:06 Fletching
27:19 Light Cavalry
34:10 Town Patrol
Connection lost

Rejoining the realm…

Still unreachable

The connection could not be restored.

Session expired

The server has moved on; the page needs a fresh start.